 Dungeon Crawl Stone Soup version 0.27-a0-1196-g3e9cee4cb2 (webtiles) character file.

Game seed: 14945029374179390622

40149 Glokmah the Unseen (level 14, -1/94 HPs)
             Began as a Kobold Brigand on May 29, 2021.
             Was a High Priest of Dithmenos.
             Slain by a cane toad (12 damage)
             ... on level 6 of the Lair of Beasts.
             The game lasted 00:35:28 (16112 turns).

Glokmah the Unseen (Kobold Brigand)                Turns: 16112, Time: 00:35:29

Health: -1/94      AC: 21    Str: 13    XL:     14   Next: 43%
Magic:  14/18      EV: 18    Int: 20    God:    Dithmenos [*****.]
Gold:   179        SH:  9    Dex: 20    Spells: 13/13 levels left

rFire    + . .     SeeInvis +   a - +9 rapier of Wrath {protect, *Noise rElec Str+5}
rCold    + + .     Faith    .   y - +2 buckler
rNeg     . . .     Spirit   .   O - +3 ring mail {rC+}
rPois    .         Reflect  .   R - +2 hood of the Assassin {Detection Stab+ Stlth++}
rElec    +         Harm     .   w - scarf {rC+ rF+}
rCorr    .         Rampage  .   N - +2 pair of gloves
Will     +....                  (no boots) Stlth *****+++++
                                D - amulet of regeneration
HPRegen  1.25/turn              t - +6 ring of intelligence
MPRegen  0.16/turn              p - ring of see invisible

@: under a protective aura, wreathed by umbra, studying Ice Magic
A: small, no large weapons, nightstalker 3
a: Renounce Religion, Shadow Step, Shadow Form


You were on level 6 of the Lair of Beasts.
You worshipped Dithmenos.
Dithmenos was extremely pleased with you.
You visited 2 branches of the dungeon, and saw 14 of its levels.
You also visited: Gauntlet and Ice Cave.

You collected 959 gold pieces.
You spent 780 gold pieces at shops.

Inventory:

Hand Weapons
 a - the +9 rapier of Wrath (weapon) {protect, *Noise rElec Str+5}
   (You found it on level 4 of the Dungeon)

   It grants its wielder temporary protection when it strikes (+7 to AC).
   It affects your strength (+5).
   It insulates you from electricity.
   It may make noises in combat.
 b - a +3 short sword of venom
 c - a +2 dagger of freezing
 q - a +0 antimagic dagger
Missiles
 d - 52 poisoned darts (quivered)
 e - 2 curare-tipped darts
 G - 7 boomerangs
Armour
 w - a scarf of resistance (worn)
 y - a +2 buckler (worn)
 J - a +2 hat of willpower
 N - a +2 pair of gloves (worn)
 O - a +3 ring mail of cold resistance (worn)
 R - the +2 hood of the Assassin (worn) {Detection Stab+ Stlth++}
   (You bought it in a shop on level 3 of the Dungeon)

   It makes you much more stealthy.
Jewellery
 p - a ring of see invisible (right hand)
 t - a +6 ring of intelligence (left hand)
 v - an amulet of guardian spirit
 D - an amulet of regeneration (around neck)
 S - the ring "Lejer" {Ice rN+}
   (You found it on level 4 of the Lair of Beasts)

   [ring of ice]

   It enhances your ice magic.
   It makes you vulnerable to fire.
   It protects you from cold.
   It protects you from negative energy.
Wands
 z - a wand of digging (3)
 B - a wand of paralysis (1)
 H - a wand of iceblast (21)
 I - a wand of flame (39)
Scrolls
 f - 4 scrolls of vulnerability
 l - 2 scrolls of noise
 r - 5 scrolls of teleportation
 u - a scroll of enchant weapon
 x - 4 scrolls of identify
 A - a scroll of holy word
 F - a scroll of fear
 L - 2 scrolls of magic mapping
 M - a scroll of amnesia
 T - a scroll of silence
 U - a scroll of fog
Potions
 g - 2 potions of haste
 i - 3 potions of lignification
 j - 2 potions of curing
 k - 3 potions of degeneration
 m - a potion of might
 n - a potion of berserk rage
 o - 2 potions of brilliance
 s - 3 potions of flight
 C - a potion of mutation
 E - 3 potions of attraction
 K - 3 potions of magic
 Q - a potion of ambrosia
Miscellaneous
 h - a condenser vane
 P - a lightning rod (2/4)


   Skills:
 + Level 13.0 Fighting
 - Level 14.0 Short Blades
 - Level 2.1 Throwing
 - Level 7.0 Armour
 - Level 9.1 Dodging
 * Level 16.5 Stealth
 - Level 4.0 Shields
 - Level 6.0 Invocations


You had 13 spell levels left.
You didn't know any spells.
Your spell library contained the following spells:

 Spells                   Type           Power      Damage    Failure   Level
 Beastly Appendage        Tmut           0%         N/A       38%         1
 Wereblood                Tmut           0%         N/A       54%         2
 Spider Form              Tmut/Pois      0%         N/A       77%         3
 Ice Form                 Ice/Tmut       0%         N/A       99%         4
 Hydra Form               Tmut           0%         N/A       100%        5


Dungeon Overview and Level Annotations

Branches:
Dungeon (8/15)             Temple (0/1) D:6            Lair (6/6) D:8
  Swamp (0/4) Lair:2       Spider (0/4) Lair:3        Slime (0/5) Lair:5
  IceCv (visited)         Gauntlet (visited)

Altars:
Ashenzari
Cheibriados
Dithmenos
Hepliaklqana
Uskayaw
Wu Jian
Jiyva

Shops:
D:3 [


Innate Abilities, Weirdness & Mutations

You are small and have problems with some larger weapons.
You are completely attuned to the shadows.


Message History

You puncture the black mamba!
The black mamba is almost dead.
You feel very sick. You block the black mamba's attack.
You block the cane toad's attack.
You hit the black mamba.
You kill the black mamba!
Dithmenos accepts your kill.
You feel very sick. The cane toad barely misses you.
Your Fighting skill increases to level 13!
You barely miss the cane toad.
You feel sick.
You hit the cane toad.
The cane toad is lightly wounded.
You feel sick. You block the cane toad's attack.
You hit the cane toad.
The cane toad is lightly wounded.
Your shadow hits the cane toad with a rapier.
You feel sick.
You hit the cane toad but do no damage.
The cane toad is lightly wounded.
You feel sick. The cane toad stings you!
* * * LOW HITPOINT WARNING * * *
You are lethally poisoned!
The cane toad poisons you!
* * * LOW HITPOINT WARNING * * *
You feel extremely sick.
You feel better.
A cane toad comes into view.
You block the cane toad's attack. The yak gores you!
* * * LOW HITPOINT WARNING * * *
The wolf howls!
Okay, then.
Aiming: Shadow Step
Press: ? - help, Dir - move target, f - cane toad
Aim: a cane toad (wandering, hasn't noticed you, umbra)
You step into the cane toad's shadow.
You hear a bellow!
The cane toad gives a loud, deep croak!
You hear a howl!
The cane toad stings you but does no damage.
The cane toad stings you!
You die...

...........#
......P....##.
......#.......
..............
.......†......
..............
#.....hYF...#
..####....## #.@F.##
##....P# #........
#.....##. #.#....#
##....##
....##.#.##.#...#P
.....P...#........
....................


You could see a yak, 2 cane toads and a wolf.

Vanquished Creatures
  Gastronok (Lair:3)
  Nessos (Lair:5)
  5 hydras
  A catoblepas (Lair:5)
  A boulder beetle (Lair:5)
  Erica (D:8)
  A death yak (Lair:5)
  A lindwurm (Lair:6)
  4 bog bodies (Lair:2)
  3 ugly things
  2 oklob plants (Lair:4)
  2 black mambas
  15 elephants
  9 cane toads
  3 ice statues (IceCv)
  9 komodo dragons
  2 rime drakes
  4 polar bears
  Prince Ribbit (D:5)
  19 blink frogs
  A redback (Lair:3)
  6 dream sheep (Lair:4)
  26 yaks
  9 basilisks
  2 wyverns
  2 steam dragons
  2 swamp worms (Lair:2)
  14 water moccasins
  An orc warrior (D:5)
  A sky beast (D:5)
  A black bear (D:7)
  6 ice beasts (IceCv)
  An ogre (D:5)
  6 wolves (Lair:6)
  2 scorpions
  6 bullfrogs
  A water moccasin zombie (D:5)
  A water moccasin skeleton (D:4)
  6 killer bees (D:8)
  3 wights (D:6)
  3 electric eels
  3 howler monkeys
  A bullfrog zombie (D:5)
  3 centaur zombies
  A lava snake (Lair:1)
  2 hounds
  3 orc priests
  A centaur skeleton (D:7)
  A gnoll shaman (D:6)
  2 orc wizards
  A killer bee zombie (D:7)
  A hound zombie (D:5)
  A howler monkey zombie (D:8)
  5 gnolls (D:6)
  6 adders
  12 white imps (Lair:2)
  2 adder skeletons (D:4)
  2 worms
  22 orcs
  8 ball pythons
  7 endoplasms
  7 giant cockroaches
  13 goblins
  8 hobgoblins
  6 jackals (D:4)
  2 quokkas
  8 bats
  6 frilled lizards
  14 kobolds
  A quokka skeleton (D:4)
  4 rats
338 creatures vanquished.

Vanquished Creatures (others)
  28 fungi
  38 plants
  2 withered plants
68 creatures vanquished.

Grand Total: 406 creatures vanquished

Notes
Turn   | Place    | Note
-------+----------+-------------------------------------------
     0 | D:1      | Glokmah the Kobold Brigand began the quest for the Orb.
     0 | D:1      | Reached XP level 1. HP: 12/12 MP: 1/1
    55 | D:1      | Reached XP level 2. HP: 10/18 MP: 2/2
   205 | D:1      | Found a faded altar of an unknown god.
   210 | D:1      | Became a worshipper of Dithmenos the Shadowed
   210 | D:1      | Reached * piety under Dithmenos
   559 | D:1      | Reached XP level 3. HP: 19/22 MP: 3/3
   841 | D:1      | Reached skill level 6 in Stealth
  1546 | D:2      | Reached ** piety under Dithmenos
  1800 | D:2      | Reached XP level 4. HP: 27/27 MP: 4/4
  1859 | D:2      | Found a broken altar of Ashenzari.
  2820 | D:3      | Found Feastuf's Armour Shop.
  3151 | D:3      | Reached XP level 5. HP: 32/32 MP: 5/5
  3536 | D:4      | Reached skill level 7 in Stealth
  3541 | D:4      | Identified the +9 rapier of Wrath {protect, *Noise rElec
                  | Str+5}
  3660 | D:4      | Reached *** piety under Dithmenos
  3689 | D:4      | Reached skill level 5 in Short Blades
  3760 | D:4      | Reached XP level 6. HP: 32/37 MP: 6/6
  4283 | D:4      | Reached skill level 8 in Stealth
  4466 | D:5      | Entered Level 5 of the Dungeon
  4661 | D:5      | Noticed a sky beast
  4665 | D:5      | Killed a sky beast
  4666 | D:5      | Reached XP level 7. HP: 43/43 MP: 7/7
  4763 | D:5      | Noticed a water moccasin
  4770 | D:5      | Killed a water moccasin
  4771 | D:5      | Reached skill level 9 in Stealth
  4897 | D:5      | Reached XP level 8. HP: 48/48 MP: 8/8
  4989 | D:5      | Noticed Prince Ribbit
  4993 | D:5      | Killed Prince Ribbit
  4994 | D:5      | Reached skill level 5 in Fighting
  4994 | D:5      | Reached skill level 10 in Stealth
  5896 | D:6      | Found a hazy altar of Hepliaklqana.
  5906 | D:6      | Found a staircase to the Ecumenical Temple.
  5969 | D:6      | Noticed a purple ugly thing
  5979 | D:6      | Killed a purple ugly thing
  5980 | D:6      | Reached skill level 11 in Stealth
  5980 | D:6      | Reached XP level 9. HP: 55/55 MP: 9/9
  6380 | D:7      | Reached skill level 10 in Short Blades
  6382 | D:7      | Reached **** piety under Dithmenos
  6784 | D:7      | Reached skill level 12 in Stealth
  7050 | D:8      | Found a faded altar of an unknown god.
  7153 | D:8      | Noticed Erica
  7172 | D:8      | Killed Erica
  7173 | D:8      | Reached XP level 10. HP: 62/63 MP: 10/10
  7555 | D:8      | Found a staircase to the Lair.
  7835 | D:8      | Found a snail-covered altar of Cheibriados.
  8012 | Lair:1   | Entered Level 1 of the Lair of Beasts
  8042 | Lair:1   | Noticed a cane toad
  8046 | Lair:1   | Killed a cane toad
  8116 | Lair:1   | Noticed a cane toad
  8132 | Lair:1   | Killed a cane toad
  8142 | Lair:1   | Noticed a cane toad
  8158 | Lair:1   | Killed a cane toad
  8252 | Lair:1   | Found a gate leading to a gauntlet.
  8261 | Gauntlet | Entered a Gauntlet
  8261 | Gauntlet | Found a transporter.
  8271 | Gauntlet | Noticed a death scarab
  8274 | Gauntlet | Noticed a spectral death yak
  8279 | Gauntlet | Noticed a worldbinder
  8295 | Gauntlet | Found a transporter.
  8303 | Gauntlet | Found a transporter.
  8309 | Gauntlet | Found a transporter.
  8314 | Gauntlet | Noticed a molten gargoyle
  8320 | Gauntlet | Noticed a gargoyle
  8324 | Gauntlet | Noticed a catoblepas
  8331 | Gauntlet | Found a transporter.
  8339 | Gauntlet | Noticed an entropy weaver
  8342 | Gauntlet | Found a runed translucent gate.
  8343 | Gauntlet | Found a transporter.
  8343 | Gauntlet | Found a runed translucent gate.
  8343 | Gauntlet | Noticed a wolf spider
  8344 | Gauntlet | Found a runed translucent gate.
  8354 | Gauntlet | Found a large runed translucent door.
  8354 | Gauntlet | Found a large runed translucent door.
  8355 | Gauntlet | Found a large runed translucent door.
  8356 | Gauntlet | Found a large runed translucent door.
  8357 | Gauntlet | Found a large runed translucent door.
  8357 | Gauntlet | Found a large runed translucent door.
  8358 | Gauntlet | Found a large runed translucent door.
  8359 | Gauntlet | Found a large runed translucent door.
  8372 | Gauntlet | Found a transporter.
  8372 | Gauntlet | Noticed an obsidian statue
  8399 | Gauntlet | Found a transporter.
  8401 | Gauntlet | Noticed a thrashing horror
  8411 | Gauntlet | Found a transporter.
  8418 | Gauntlet | Noticed an ice devil
  8428 | Gauntlet | Noticed an apocalypse crab
  8438 | Gauntlet | Found a transporter.
  8461 | Gauntlet | Found a transporter.
  8473 | Gauntlet | Found a transporter.
  8482 | Gauntlet | Found a transporter.
  8492 | Gauntlet | Noticed a rust devil
  8505 | Gauntlet | Found a transporter.
  8547 | Gauntlet | Found a large runed translucent door.
  8556 | Gauntlet | Noticed a gargoyle
  8582 | Gauntlet | Found a large runed translucent door.
  8582 | Gauntlet | Found a large runed translucent door.
  8583 | Gauntlet | Found a large runed translucent door.
  8584 | Gauntlet | Found a large runed translucent door.
  8585 | Gauntlet | Found a large runed translucent door.
  8585 | Gauntlet | Found a large runed translucent door.
  8586 | Gauntlet | Found a large runed translucent door.
  8614 | Gauntlet | Noticed a thrashing horror
  8646 | Gauntlet | Noticed a blizzard demon
  8726 | Gauntlet | Noticed a molten gargoyle
  8857 | Gauntlet | Found a transporter.
  8886 | Gauntlet | Found a transporter.
  9148 | Lair:1   | Noticed a cane toad
  9161 | Lair:1   | Killed a cane toad
  9162 | Lair:1   | Reached skill level 1 in Shields
  9162 | Lair:1   | Reached XP level 11. HP: 43/69 MP: 11/11
  9879 | Lair:2   | Reached skill level 10 in Fighting
  9974 | Lair:2   | Noticed a bog body
 10026 | Lair:2   | Found a frozen archway.
 10079 | IceCv    | Entered an ice cave
 10166 | IceCv    | Noticed a white ugly thing
 10188 | IceCv    | Killed a white ugly thing
 10279 | IceCv    | Reached skill level 1 in Armour
 10279 | IceCv    | Noticed a white ugly thing
 10291 | IceCv    | Killed a white ugly thing
 10772 | Lair:2   | Noticed a bog body
 10777 | Lair:2   | Killed a bog body
 10779 | Lair:2   | Killed a bog body
 10780 | Lair:2   | Reached XP level 12. HP: 80/80 MP: 12/12
 10947 | Lair:2   | Reached skill level 5 in Dodging
 10962 | Lair:2   | Found a staircase to the Swamp.
 11258 | Lair:3   | Noticed a four-headed hydra
 11262 | Lair:3   | Killed a four-headed hydra
 11315 | Lair:3   | Noticed Gastronok
 11342 | Lair:3   | Killed Gastronok
 11343 | Lair:3   | Reached skill level 13 in Stealth
 11388 | Lair:3   | Found a hole to the Spider Nest.
 12155 | Lair:4   | Reached ***** piety under Dithmenos
 12159 | Lair:4   | Reached skill level 5 in Armour
 12164 | Lair:4   | Reached XP level 13. HP: 84/85 MP: 8/13
 12289 | Lair:4   | Noticed an eight-headed hydra
 12311 | Lair:4   | Killed an eight-headed hydra
 12528 | Lair:4   | Reached skill level 14 in Stealth
 12854 | D:3      | Bought the +2 hood of the Assassin {Detection Stab+
                  | Stlth++} for 780 gold pieces
 12854 | D:3      | Found the +2 hood of the Assassin {Detection Stab+ Stlth++}
 13615 | Lair:4   | Reached skill level 1 in Invocations
 14037 | Lair:4   | Identified the ring "Lejer" {Ice rN+}
 14266 | Lair:5   | Found a staircase to the Slime Pits.
 14346 | Lair:5   | Noticed Nessos
 14348 | Lair:5   | Noticed a five-headed hydra
 14349 | Lair:5   | Killed Nessos
 14350 | Lair:5   | Reached skill level 15 in Stealth
 14356 | Lair:5   | Killed a five-headed hydra
 14547 | Lair:5   | Found an ornate altar of the Wu Jian Council.
 14547 | Lair:5   | Found a hide-covered altar of Uskayaw.
 14547 | Lair:5   | Noticed a boulder beetle
 14579 | Lair:5   | Killed a boulder beetle
 14580 | Lair:5   | Reached XP level 14. HP: 92/92 MP: 15/17
 14726 | Lair:5   | Found a viscous altar of Jiyva.
 15639 | Lair:6   | Entered Level 6 of the Lair of Beasts
 15641 | Lair:6   | Reached skill level 5 in Invocations
 15825 | Lair:5   | Reached skill level 16 in Stealth
 16112 | Lair:6   | Slain by a cane toad

Illustrated notes

Levels and vault maps discovered:
D:1:      wheals_arrival_shading, layout_loops_ring, serial_glass,
          glass_columns_a, glass_columns_c, feat_on_display,
          due_unseen_surprise, minmay_strange_pillars,
          hellmonk_ecumenical_altar_zigzags
D:2:      minmay_recursive_quarters, layout_basic, basic_altar,
          minmay_goblin_kobold_house
D:3:      layout_loops_ring, serial_shops, shop, kennysheep_cross_bottleneck
D:4:      layout_cave_pods
D:5:      layout_loops_corners, uniq_prince_ribbit1
D:6:      layout_rooms, old_standard_altar, minmay_temple_entry_overgrown
D:7:      layout_basic, grunt_decor_clamped, st_stairs_4
D:8:      layout_cave_pools, cheibrodos_worm_habitat, erik_lair_dragon,
          serial_column_ruins, column_ruins_hut, column_ruins_temple_hut,
          column_ruins_corridor_plus, column_ruins_open_small,
          column_ruins_open_medium, column_ruins_grid_1, column_ruins_grid_1,
          uniq_erica
Lair:1:   layout_gridlike, gauntlet_entry_generic
Lair:2:   layout_cave_shapes, nicolae_swamp_entry_splash_gauntlet,
          serial_rivers, chequers_serial_rivers_micro_c,
          chequers_serial_rivers_micro_e, chequers_serial_rivers_room_a,
          chequers_serial_rivers_small_3, chequers_serial_rivers_micro_d,
          chequers_serial_rivers_micro_a, portal_ice_cave_entry_imps
Lair:3:   layout_roguey, spider_nest_entry_rubble, grunt_megastairs_5,
          uniq_gastronok
Lair:4:   layout_cave_pods, minmay_lair_oklob_chamber
Lair:5:   layout_layer_cave, slime_altar_1, chequers_serial_rivers_small_a,
          nzn_masters_of_martial_movement, uniq_nessos
Lair:6:   due_jungle_book, layout_regular_city, serial_bayou_shore_a

Skill      XL: |  1  2  3  4  5  6  7  8  9 10 11 12 13 14 |
---------------+-------------------------------------------+-----
Short Blades   | 3 4 5 6 7 9 12 14 | 14.0
Stealth        | 6 7 8 9 11 12 13 15 16 | 16.5
Fighting       | 3 4 5 7 8 11 12 13 | 13.0
Shields        | 1 4 |  4.0
Armour         | 2 5 7 |  7.0
Dodging        | 4 7 9 |  9.1
Invocations    | 4 6 |  6.0
Throwing       | |  2.1

Action                   |  1- 3 |  4- 6 |  7- 9 | 10-12 | 13-15 || total
-------------------------+-------+-------+-------+-------+-------++-------
Melee: Dagger            |    81 |     3 |       |       |       ||    84
       Short sword       |       |    74 |       |       |       ||    74
       Rapier            |       |    28 |   136 |   407 |   573 ||  1144
Throw: Dart              |       |    11 |       |       |       ||    11
Invok: Shadow Step       |       |       |       |     3 |     3 ||     6
Evoke: Wand              |       |       |       |       |     8 ||     8
       Lightning rod     |       |       |       |       |     4 ||     4
  Use: Scroll            |     3 |       |    15 |     8 |     6 ||    32
       Potion            |       |       |       |     3 |     1 ||     4
 Stab: Sleeping          |    20 |    38 |    18 |    29 |    18 ||   123
       Distracted        |       |       |     1 |     5 |     3 ||     9
Armor: Robe              |    11 |     7 |     6 |       |       ||    24
       Ring mail         |       |       |    27 |    89 |   133 ||   249
Dodge: Dodged            |    50 |    50 |    76 |   153 |   293 ||   622
Block: Buckler           |       |       |       |    37 |   155 ||   192

Table legend: (Time is in decaauts)
 A = Elapsed time spent in this place.
 B = Non-inter-level travel time spent in this place.
 C = Inter-level travel time spent in this place.
 D = Time resting spent in this place.
 E = Time spent auto-exploring this place.
 F = Levels seen in this place.
 G = Mean time per level.
                   A        B        C        D        E       F      G
               +--------+--------+--------+--------+--------+-----+--------+
         Total |  15698 |  14203 |   1495 |    683 |  10080 |  16 |  981.1 |
       Dungeon |   8403 |   7391 |   1012 |    306 |   5751 |   8 | 1050.4 |
          Lair |   6298 |   5816 |    482 |    319 |   3949 |   6 | 1049.7 |
      Ice Cave |    247 |    247 |      0 |     58 |      7 |   1 |  247.0 |
      Gauntlet |    748 |    748 |      0 |      0 |    372 |   1 |  748.0 |
               +--------+--------+--------+--------+--------+-----+--------+

Top non-repeatable levels by time:
  Lair:4: 1513 daAuts
  Lair:5: 1454 daAuts
     D:2: 1425 daAuts
     D:8: 1209 daAuts
     D:1: 1183 daAuts
     D:5: 1173 daAuts
  Lair:1: 1099 daAuts
  Lair:2: 1094 daAuts
     D:3: 983 daAuts
     D:4: 959 daAuts
  Lair:3: 919 daAuts
     D:7: 773 daAuts
Gauntlet: 748 daAuts
     D:6: 695 daAuts
   IceCv: 247 daAuts
